 Dungeon Crawl Stone Soup version 0.24-a0-582-g4d4af813a0 (webtiles) character file.

Game seed: 13572682309786234667

2947 Arang the Stinger (level 9, -11/81 HPs)
             Began as an Octopode Venom Mage on Aug 24, 2019.
             Was an Initiate of Sif Muna.
             Killed from afar by a raiju (16 damage)
             ... with a living lightning
             ... on level 1 of the Abyss on Aug 26, 2019.
             The game lasted 00:42:55 (10327 turns).

Arang the Stinger (Octopode Venom Mage)            Turns: 10327, Time: 00:42:56

Health: -11/81     AC:  3    Str: 13      XL:     9   Next: 80%
Magic:  26/26      EV: 22    Int: 17      God:    Sif Muna [......]
Gold:   459        SH:  0    Dex: 17 (18) Spells: 9/18 levels left

rFire    . . .     SeeInvis .   y - +2 dagger (vamp)
rCold    + . .     Gourm    .   (no shield)
rNeg     . . .     Faith    .   (helmet restricted)
rPois    +         Spirit   .   (no amulet)
rElec    .         Reflect  .   f - ring of magical power
rCorr    .         Harm     .   N - ring of poison resistance
MR       +....                  (no ring)
Stlth    ..........             (no ring)
HPRegen  0.23/turn              (no ring)
MPRegen  0.20/turn              (no ring)
                                (no ring)
                                (no ring)

@: agile, berserking, very quick
A: almost no armour, stealthy swim, amphibious, 8 rings, constrict 8, iridescent
scales 1, camouflage 1, clumsy 1, cold resistance 1, magic resistance 1,
gelatinous body 1
a: Renounce Religion


You were on level 1 of the Abyss.
You worshipped Sif Muna.
Sif Muna was noncommittal.
You were not hungry.

You visited 2 branches of the dungeon, and saw 10 of its levels.
You visited the Abyss 1 time.

You collected 515 gold pieces.
You spent 56 gold pieces at shops.

Inventory:

Hand Weapons
 t - a +0 short sword
 y - a +2 vampiric dagger (weapon)
 D - a +0 halberd
 G - a +0 whip of freezing
Missiles
 o - 2 throwing nets
 v - 25 poisoned darts (quivered)
Magical Staves
 H - an uncursed staff of air
Jewellery
 f - a ring of magical power (left tentacle)
 z - an uncursed ring of fire
 N - a ring of poison resistance (right tentacle)
Wands
 i - a wand of iceblast (9)
 x - a wand of paralysis (7)
 A - a wand of scattershot (5)
 B - a wand of acid (8)
 E - a wand of enslavement (6)
Scrolls
 d - a scroll of enchant weapon {unknown}
 e - a scroll of fear {unknown}
 g - a scroll of immolation {unknown}
 q - a scroll of blinking {unknown}
 r - 4 scrolls of remove curse
 u - a scroll of magic mapping
 I - a scroll of silence {unknown}
 K - a scroll of fog {unknown}
 L - a scroll of amnesia
Potions
 a - 2 potions of curing
 c - 2 potions of resistance
 j - 4 potions of lignification
 k - 2 potions of flight
 m - 2 potions of brilliance
 s - 2 potions of agility
 M - a potion of berserk rage
Comestibles
 b - 19 rations


   Skills:
 - Level 1.9 Fighting
 - Level 4.1 Short Blades
 - Level 0.2 Throwing
 - Level 5.8 Dodging
 + Level 6.4 Stealth
 - Level 5.4 Spellcasting
 - Level 1.2 Conjurations
 - Level 5.9 Air Magic
 - Level 7.9 Poison Magic
 - Level 0.8 Evocations


You had 9 spell levels left.
You knew the following spells:

 Your Spells              Type           Power        Failure   Level  Hunger
b - Poisonous Vapours     Pois/Air       ####..       1%          2    #......
c - Mephitic Cloud        Conj/Pois/Air  ###.....     5%          3    ##.....
d - Olgreb's Toxic Radia  Pois           ####....     5%          4    ####...

Your spell library contained the following spells:

 Spells                   Type           Power        Failure   Level  Hunger
 Sting                    Conj/Pois      ###.         1%          1    None
 Venom Bolt               Conj/Pois      ###.......   50%         5    ######.
 Iskenderun's Battlesphe  Conj/Chrm      #.......     96%         5    ######.
 Bolt of Magma            Conj/Fire/Erth #.........   97%         5    ######.
 Iron Shot                Conj/Erth      #.........   100%        6    #######
 Orb of Destruction       Conj           #.........   100%        7    #######
 Spellforged Servitor     Conj/Summ      #.........   100%        7    #######


Dungeon Overview and Level Annotations

Branches:
Dungeon (9/15)             Temple (1/1) D:5
   Lair: D:8-11         Orc: D:9-12

Altars:
Ashenzari
Cheibriados
Dithmenos
Elyvilon
Fedhas
Gozag
Hepliaklqana
Kikubaaqudgha
Makhleb
Nemelex Xobeh
Okawaru
Qazlal
Ru
Sif Muna
Trog
Uskayaw
Vehumet
Wu Jian
Xom
Yredelemnul
Zin

Shops:
D:7 !

Annotations:
D:1 1 exclusion
D:4 Grinder
D:5 exclusion: downstairs
D:6 1 runed translucent door, exclusions: downstairs and 1 more exclusion, Crazy Yiuf, Menkaure
D:9 Psyche


Innate Abilities, Weirdness & Mutations

You cannot wear most types of armour.
You are very stealthy in the water. (Stealth+)
You are amphibious.
You can wear up to eight rings at the same time.
You can use your tentacles to constrict eight enemies at once.
Your skin changes colour to match your surroundings (Stealth+).
Your rubbery body absorbs attacks. (AC +1, EV +1)
You are partially covered in iridescent scales. (AC +2)
You are clumsy. (Dex -2)
Your flesh is cold resistant. (rC+)
You are resistant to hostile enchantments. (MR+)


Message History

Press ? for a list of commands and other information.
Okay, then.
It was a potion of magic.
Magic courses through your body. Something hits you but does no damage.
Deactivating autopickup; reactivate with Ctrl-A.
Something misses you. Something barely misses you.
Unknown command.
Unknown command.
It was a potion of berserk rage.
A red film seems to cover your vision as you go berserk!
You feel yourself moving faster!
You feel mighty!
The neqoxec shouts!
You hear a splashing noise.
The neqoxec gestures at you.
Something tries to feed on your intellect!
You feel a strong urge to attack something.
Something hits you.
* * * LOW HITPOINT WARNING * * *
The raiju bursts into living lightning!
The living lightning hits you!
You die...

##.≈ ≈ ..##≈.#≈3#...
.. . #.X...≈≈≈.#....#
.###. ≈..♣≈≈...§.# ..
.§.. ≈≈.≈≈≈.....## ..
#. #.. #≈≈≈≈≈≈#.. ..3.
#.#..##≈≈≈≈≈h≈# .#..#
#......≈≈≈≈≈≈≈##..#.##
..##..@#W♣≈≈≈≈≈#.# #
.# ##.#.≈≈≈≈≈.#.#...
## ...##≈≈≈...#
.......
#.#.≈≈≈≈♣≈≈##... .#..#
#. #≈≈#≈≈≈♣#.###.. ..
# #.≈≈#≈≈≈# ... ....##
#.#≈.≈♣≈≈ ...# # ....
.##.#≈≈≈≈≈...### ###.
.##≈≈≈ ≈≈##.##.##.


You could see a raiju and a neqoxec.

Vanquished Creatures
  Pikel (D:5)
  An orange demon (Abyss:1)
  A hippogriff (D:7)
  A spriggan (D:8)
  Eustachio (D:6)
  An ice beast (D:5)
  2 slaves (D:5)
  3 ogres (D:4)
  2 centaurs
  4 bullfrogs
  Blork the orc (D:5)
  A wyvern skeleton (D:6)
  A scorpion (D:7)
  A howler monkey (D:8)
  2 crimson imps
  A centaur zombie (D:6)
  A quasit (D:8)
  A bullfrog zombie (D:8)
  3 hounds
  A bullfrog skeleton (D:4)
  An orc wizard (D:6)
  2 iguanas
  5 worker ants
  A hound skeleton (D:7)
  A hound zombie (D:5)
  7 gnolls
  6 adders
  4 shadow imps
  A white imp (Abyss:1)
  An ufetubus (Abyss:1)
  2 oozes
  An adder zombie (D:8)
  An adder skeleton (D:6)
  4 worms
  3 dart slugs
  5 leopard geckos
  9 orcs
  11 bats
  2 giant cockroaches
  14 goblins
  6 hobgoblins
  4 kobolds
  6 quokkas
  3 frilled lizards
  A leopard gecko skeleton (D:5)
  7 rats
138 creatures vanquished.

Notes
Turn   | Place    | Note
-------+----------+-------------------------------------------
     0 | D:1      | Arang the Octopode Venom Mage began the quest for the Orb.
     0 | D:1      | Reached XP level 1. HP: 11/11 MP: 3/3
   398 | D:1      | Reached XP level 2. HP: 17/17 MP: 3/5
   440 | D:1      | Learned a level 2 spell: Poisonous Vapours
   891 | D:1      | Reached skill level 4 in Poison Magic
  1153 | D:2      | Reached XP level 3. HP: 21/21 MP: 6/6
  1949 | D:3      | Learned a level 3 spell: Mephitic Cloud
  2055 | D:3      | Reached XP level 4. HP: 27/27 MP: 7/7
  2379 | D:3      | Reached skill level 1 in Air Magic
  2964 | D:3      | Reached XP level 5. HP: 32/32 MP: 8/8
  3551 | D:4      | Reached skill level 1 in Short Blades
  3693 | D:4      | Reached XP level 6. HP: 33/37 MP: 10/10
  3708 | D:4      | Reached skill level 5 in Poison Magic
  4050 | D:4      | Noticed Grinder
  4058 | D:4      | Learned a level 4 spell: Olgreb's Toxic Radiance
  4103 | D:4      | Found an ornate altar of the Wu Jian Council.
  4410 | D:4      | Found a shimmering altar of Xom.
  4410 | D:4      | Found a hide-covered altar of Uskayaw.
  4411 | D:4      | Found a white marble altar of Elyvilon.
  4452 | D:4      | Reached skill level 1 in Fighting
  4452 | D:4      | Reached XP level 7. HP: 43/43 MP: 11/11
  4567 | D:5      | Entered Level 5 of the Dungeon
  4589 | D:5      | Noticed Blork the orc
  4595 | D:5      | Killed Blork the orc
  4694 | D:5      | Found a staircase to the Ecumenical Temple.
  4715 | Temple   | Entered the Ecumenical Temple
  4874 | Temple   | Became a worshipper of Sif Muna the Loreminder
  5190 | D:5      | Found a snail-covered altar of Cheibriados.
  5204 | D:5      | Reached skill level 6 in Poison Magic
  5314 | D:5      | Found a sacrificial altar of Ru.
  5372 | D:5      | Reached XP level 8. HP: 48/48 MP: 13/13
  5661 | D:5      | Noticed Pikel
  5671 | D:5      | Killed Pikel
  5837 | D:6      | Noticed Eustachio
  5844 | D:6      | Found a sparkling altar of Nemelex Xobeh.
  5865 | D:6      | Killed Eustachio
  5865 | D:6      | Reached skill level 5 in Dodging
  5865 | D:6      | Reached skill level 7 in Poison Magic
  6057 | D:6      | Noticed Menkaure
  6277 | D:6      | Found a shimmering blue altar of Sif Muna.
  6408 | D:6      | Reached XP level 9. HP: 19/53 MP: 16/16
  6614 | D:6      | Found a runed translucent door.
  6615 | D:6      | Noticed Crazy Yiuf
  6697 | D:7      | Reached skill level 5 in Air Magic
  6753 | D:7      | Found Jikk's Distillery.
  6758 | D:7      | Bought a potion of might for 56 gold pieces
  7196 | D:7      | Reached skill level 5 in Spellcasting
  7595 | D:7      | Gained mutation: Your flesh is cold resistant. (rC+)
                  | [potion of mutation]
  7595 | D:7      | Gained mutation: You are clumsy. (Dex -2) [potion of
                  | mutation]
  7595 | D:7      | Gained mutation: You are partially covered in iridescent
                  | scales. (AC +2) [potion of mutation]
  7595 | D:7      | Gained mutation: You are resistant to hostile enchantments.
                  | (MR+) [potion of mutation]
  8401 | D:8      | Found a basalt altar of Yredelemnul.
  8520 | D:8      | Reached * piety under Sif Muna
  8885 | D:8      | Found a snail-covered altar of Cheibriados.
  9245 | D:9      | Noticed Psyche
  9249 | D:9      | Cast into level 1 of the Abyss (Psyche)
  9329 | Abyss:1  | Noticed a starcursed mass
  9339 | Abyss:1  | Noticed a smoke demon
  9339 | Abyss:1  | Noticed a wretched star
  9340 | Abyss:1  | Noticed an orange demon
  9345 | Abyss:1  | Noticed a profane servitor
  9372 | Abyss:1  | Noticed a wretched star
  9422 | Abyss:1  | Noticed a tentacled starspawn
  9881 | Abyss:1  | Noticed an apocalypse crab
  9890 | Abyss:1  | Noticed a worldbinder
  9912 | Abyss:1  | Noticed a freezing wraith
 10093 | Abyss:1  | Noticed an orange demon
 10111 | Abyss:1  | Killed an orange demon
 10146 | Abyss:1  | Noticed a green very ugly thing
 10147 | Abyss:1  | Noticed a green ugly thing
 10150 | Abyss:1  | Noticed a thrashing horror
 10157 | Abyss:1  | Noticed a green ugly thing
 10158 | Abyss:1  | Noticed a green very ugly thing
 10160 | Abyss:1  | Noticed a green very ugly thing
 10190 | Abyss:1  | Found a corrupted altar of Lugonu.
 10223 | Abyss:1  | Noticed a large abomination
 10293 | Abyss:1  | Noticed a freezing wraith
 10314 | Abyss:1  | Noticed a large abomination
 10324 | Abyss:1  | Upgraded the game from 0.24-a0-581-gc0fa6600bf to
                  | 0.24-a0-582-g4d4af813a0
 10327 | Abyss:1  | Killed from afar by a raiju

Levels and vault maps discovered:
D:1:      lightli_arrival_noodles, layout_loops_ring, minmay_octomino_e4
D:2:      layout_rooms
D:3:      layout_basic, first_ration, kennysheep_donut, serial_bayou_pond_b
D:4:      layout_rooms, gammafunk_temple_overflow_claw, lemuel_crystal_altar,
          minmay_ogre_servants, uniq_grinder
D:5:      layout_loops_ring, minmay_temple_entry_tees, basic_altar,
          grunt_ministairs_12, nicolae_ru_awakened_eye, uniq_blork_the_orc,
          uniq_pikel
D:6:      layout_rooms, nemelex_xobeh_ov_fountains_minmay,
          minmay_misc_feat_pillars, led_sif_pool, uniq_crazy_yiuf_cottage,
          uniq_eustachio, uniq_menkaure
D:7:      layout_loops_corners, serial_shops, shop
D:8:      layout_basic, cheibriados_altar_1, kennysheep_mini, the_bakery
D:9:      layout_small_grid, kennysheep_mini_moat, uniq_psyche
Temple:   jpeg_temple_clearing
Abyss:1

Skill      XL: |  1  2  3  4  5  6  7  8  9 |
---------------+----------------------------+-----
Poison Magic   | 4 5 6 7 |  7.9
Air Magic      | 1 2 3 4 5 |  5.9
Stealth        | 3 4 6 |  6.4
Dodging        | 3 4 5 |  5.8
Short Blades   | 1 2 3 4 |  4.1
Spellcasting   | 3 4 5 |  5.4
Fighting       | 1 |  1.9
Throwing       | |  0.2
Conjurations   | |  1.2
Evocations     | |  0.8

Action                   |  1- 3 |  4- 6 |  7- 9 || total
-------------------------+-------+-------+-------++-------
Melee: Unarmed           |    43 |       |       ||    43
       Constrict         |    15 |    12 |    23 ||    50
       Tentacles         |    12 |    10 |    29 ||    51
       Dagger            |    26 |    56 |   167 ||   249
Throw: Dart              |       |    11 |     4 ||    15
 Cast: Sting             |    11 |     2 |     2 ||    15
       Poisonous Vapours |    20 |    31 |    64 ||   115
       Olgreb's Toxic Ra |       |     2 |     6 ||     8
       Mephitic Cloud    |       |       |     1 ||     1
Evoke: Wand              |       |       |     5 ||     5
  Use: Scroll            |       |       |    18 ||    18
       Potion            |       |       |    11 ||    11
 Stab: Sleeping          |     6 |     1 |     6 ||    13
       Paralysed         |       |       |     2 ||     2
       Distracted        |       |       |     1 ||     1
  Eat: Chunk             |     4 |    10 |     8 ||    22
       Ration            |       |       |     4 ||     4
Armor: Skin              |     8 |    14 |    31 ||    53
Dodge: Dodged            |    71 |    71 |   178 ||   320

Table legend:
 A = Non-vault XP
 B = Vault XP
 C = Vault XP percentage of total XP
 D = Non-vault monster count
 E = Vault monster count
 F = Vault count percentage of total count
                 A         B        C        D         E       F
            +---------+---------+-------+---------+---------+-------
      Total |    2935 |    1275 |  30.3 |     116 |      20 |  14.7
            +---------+---------+-------+---------+---------+-------
        D:1 |      16 |      10 |  38.5 |       8 |       4 |  33.3
        D:2 |      43 |       0 |   0.0 |      21 |       0 |   0.0
        D:3 |     108 |       8 |   6.9 |      23 |       3 |  11.5
        D:4 |     444 |     132 |  22.9 |      11 |       9 |  45.0
        D:5 |     461 |     719 |  60.9 |      16 |       2 |  11.1
        D:6 |     368 |     191 |  34.2 |      14 |       1 |   6.7
        D:7 |     676 |       0 |   0.0 |      10 |       0 |   0.0
        D:8 |     391 |     215 |  35.5 |      10 |       1 |   9.1
    Abyss:1 |     428 |       0 |   0.0 |       3 |       0 |   0.0
            +---------+---------+-------+---------+---------+-------
